 Dungeon Crawl Stone Soup version 0.17-a0-1651-gae1a69f (webtiles) character file.

1081 urechis the Covert (level 8, 0/36 HPs)
             Began as a Spriggan Enchanter on Aug 14, 2015.
             Slain by Grinder (8 damage)
             ... in a sewer.
             The game lasted 00:31:51 (9798 turns).

urechis the Covert (Spriggan Enchanter)             Turns: 9798, Time: 00:31:51

Health: 0/36       AC:  3    Str:  4    XL:     8   Next: 8%
Magic:  6/13       EV: 18    Int: 19    God:
Gold:   338        SH:  0    Dex: 16    Spells: 4 memorised, 5 levels left

rFire  . . .     SeeInvis +     a - +1 dagger (pain)
rCold  . . .     Clarity  .     v - +1 robe
rNeg   . . .     SustAt   .     (shield restricted)
rPois  .         Gourm    .     (helmet restricted)
rElec  .         Spirit   .     (no cloak)
rCorr  .         Warding  .     (gloves unavailable)
rMut   .         Stasis   .     (boots unavailable)
MR     +....                    (no amulet)
Stlth  +++++.....               (no ring)
                                (no ring)

@: very quick, somewhat resistant to hostile enchantments, quite stealthy
A: unfitting armour, see invisible, herbivore 3, speed 3, slow metabolism 2
a: no special abilities


You were in a sewer.
You were hungry.

You visited 1 branch of the dungeon, and saw 5 of its levels.
You also visited: Sewer.

You collected 338 gold pieces.

Inventory:

Hand weapons
 a - a +1 dagger of pain (weapon)
 b - a +0 blowgun
Missiles
 w - 11 poisoned needles
Armour
 t - a +0 buckler
 v - a +1 robe (worn)
Magical devices
 o - a wand of paralysis (15)
Scrolls
 d - a scroll of recharging {unknown}
 g - a scroll of teleportation {unknown}
 h - 5 scrolls of identify {unknown}
 i - 2 scrolls of enchant weapon {unknown}
 k - 3 scrolls of immolation {unknown}
 r - a scroll of enchant armour {unknown}
 s - 2 scrolls of blinking {unknown}
 u - a scroll of random uselessness {unknown}
Potions
 e - a potion of brilliance {unknown}
 f - 2 potions of ambrosia {unknown}
 l - a potion of haste {unknown}
 m - 2 potions of might
 n - a potion of curing
 p - a potion of lignification {unknown}
 x - a potion of flight {unknown}
Books
 c - a book of Maledictions

   Spells                             Type                      Level
   a - Corona                         Hexes                        1
   b - Ensorcelled Hibernation        Hexes/Ice                    2
   c - Confuse                        Hexes                        3
   d - Tukima's Dance                 Hexes                        3
   e - Dazzling Spray                 Conjuration/Hexes            3
 j - a book of Necromancy

   Spells                             Type                      Level
   a - Pain                           Necromancy                   1
   b - Animate Skeleton               Necromancy                   1
   c - Vampiric Draining              Necromancy                   3
   d - Regeneration                   Charms/Necromancy            3
   e - Animate Dead                   Necromancy                   4
   f - Control Undead                 Necromancy                   4
Comestibles
 q - a slice of pizza


   Skills:
 - Level 5.0 Short Blades
 - Level 3.0 Dodging
 - Level 11.0 Stealth
 - Level 2.6 Spellcasting
 - Level 3.6 Hexes
 + Level 4.3 Necromancy


You had 5 spell levels left.
You knew the following spells:

 Your Spells              Type           Power        Failure   Level  Hunger
a - Corona                Hex            ###....      4%          1    None
b - Animate Skeleton      Necr           N/A          2%          1    None
c - Ensorcelled Hibernat  Hex/Ice        #.....       14%         2    ##.....
d - Confuse               Hex            ###.....     12%         3    ###....


Dungeon Overview and Level Annotations

Branches:
Dungeon (5/15)             Temple (0/1) D:4

Altars:
Fedhas
Qazlal
Ru
Sif Muna
The Shining One

Annotations:
D:3 db47h's ghost, average DrEE Sewer Grinder


Innate Abilities, Weirdness & Mutations

You are tiny and cannot use many weapons and most armour.
You have supernaturally acute eyesight.
You are a herbivore.
You cover ground extremely quickly.
You need consume almost no food.


Message History

Firing (i - inventory):
w - 12 poisoned needles (quivered)
Press: ? - help, Shift-Dir - straight line, f/p - Grinder
Aim: Grinder, carrying a wand of enslavement {empty} (moderately wounded, poisoned)
You shoot a poisoned needle.
The poisoned needle closely misses Grinder.
The poisoned needle hits the kobold!
The kobold is poisoned.
You hear a splash.
Grinder hits you.
You writhe in agony.
You are too injured to fight recklessly!
You are too injured to fight recklessly!
You are too injured to fight recklessly!
You are too injured to fight recklessly!
Pain shudders through your arm!
a - a +1 dagger of pain (weapon)
Grinder hits you!
* * * LOW HITPOINT WARNING * * *
You writhe in agony.
* * * LOW HITPOINT WARNING * * *
Grinder hits you!
You die...

# #≈≈≈# #≈≈≈# # #≈≈≈#
#≈≈≈# # #≈≈≈# #≈≈≈# #
#≈≈≈# #≈≈≈# # #≈≈≈#
≈≈≈#
#########≈##########≈##
#≈≈≈≈≈≈#≈≈≈#≈(≈≈≈≈#≈≈≈#
.≈≈.≈≈..≈≈≈(≈≈((K5.(.≈#
#......#)5.#....@.#.≈.#
#########.##########≈##
#≈≈≈≈≈≈#≈.≈#≈≈≈≈≈≈#≈≈≈#
#≈≈≈≈≈≈#)≈(#≈≈≈≈≈≈#≈≈≈#
#≈≈≈≈≈≈#.≈.≈≈≈≈≈≈≈#≈≈≈#
#≈≈≈≈≈≈≈(≈.#≈≈≈≈≈≈#≈≈≈#
#≈≈≈≈≈≈#)≈§#≈≈≈≈≈≈#≈≈≈#
#≈≈≈≈≈≈≈.≈.≈≈≈≈≈≈≈#≈≈≈#
#≈≈≈≈≈≈≈.≈.#≈≈≈≈≈≈#


You could see Grinder and a kobold.

Vanquished Creatures
  A kobold demonologist (Sewer)
  2 ogres (D:4)
  A big kobold (Sewer)
  A centaur (D:5)
  A crimson imp (D:5)
  A hound (D:4)
  A quasit (Sewer)
  A gnoll shaman (D:4)
  A centaur skeleton (D:4)
  An orc priest (D:3)
  An iguana (D:4)
  2 orc wizards
  2 worker ants
  A big kobold zombie (Sewer)
  A hound skeleton (D:4)
  6 gnolls (D:4)
  5 adders
  A shadow imp (Sewer)
  3 ufetubi (Sewer)
  An ooze (Sewer)
  A worm (D:5)
  4 giant geckos
  9 orcs
  A ball python (D:3)
  12 giant cockroaches
  9 goblins
  11 hobgoblins
  13 jackals
  17 kobolds
  8 bats
  A giant gecko skeleton (D:4)
  7 giant newts
  2 kobold zombies (Sewer)
  3 quokkas
  6 rats (D:1)
  2 bushes (D:3)
140 creatures vanquished.

Vanquished Creatures (others)
  A big kobold zombie (Sewer)
1 creature vanquished.

Grand Total: 141 creatures vanquished

Notes
Turn   | Place    | Note
--------------------------------------------------------------
     0 | D:1      | urechis the Spriggan Enchanter began the quest for the Orb.
     0 | D:1      | Reached XP level 1. HP: 9/9 MP: 5/5
   104 | D:1      | Reached skill level 5 in Stealth
   157 | D:1      | Reached XP level 2. HP: 11/13 MP: 6/6
   637 | D:1      | Reached skill level 6 in Stealth
   987 | D:1      | Reached XP level 3. HP: 16/16 MP: 8/8
  1299 | D:2      | Found a blossoming altar of Fedhas.
  1539 | D:2      | Learned a level 1 spell: Animate Skeleton
  1632 | D:2      | Reached skill level 7 in Stealth
  3589 | D:1      | Learned a level 2 spell: Ensorcelled Hibernation
  3593 | D:1      | Learned a level 3 spell: Confuse
  3663 | D:3      | Reached XP level 4. HP: 21/21 MP: 4/9
  3676 | D:3      | Noticed db47h's ghost (average DrEE)
  4261 | D:3      | Reached skill level 8 in Stealth
  4389 | D:3      | Found a deep blue altar of Sif Muna.
  4867 | D:3      | Reached skill level 9 in Stealth
  4867 | D:3      | Reached XP level 5. HP: 17/24 MP: 5/10
  6667 | D:4      | Noticed an ogre
  6667 | D:4      | Noticed an ogre
  6669 | D:4      | Killed an ogre
  6669 | D:4      | Reached skill level 10 in Stealth
  6669 | D:4      | Reached XP level 6. HP: 28/28 MP: 11/11
  6670 | D:4      | Killed an ogre
  6776 | D:4      | Found a staircase to the Ecumenical Temple.
  7283 | D:4      | Reached XP level 7. HP: 27/32 MP: 12/12
  7369 | D:4      | Found a glowing golden altar of the Shining One.
  7484 | D:4      | Found a sacrificial altar of Ru.
  7609 | D:4      | Reached skill level 5 in Short Blades
  7915 | D:5      | Entered Level 5 of the Dungeon
  7926 | D:5      | Reached skill level 1 in Necromancy
  8008 | D:5      | Found a stormy altar of Qazlal.
  8117 | D:5      | Found a glowing drain.
  8127 | Sewer    | Entered a sewer
  8967 | Sewer    | Found a burning altar of Makhleb.
  8993 | Sewer    | Noticed an apprentice kobold demonologist
  9091 | Sewer    | Reached skill level 11 in Stealth
  9311 | Sewer    | Noticed Grinder
  9323 | Sewer    | Killed an apprentice kobold demonologist
  9323 | Sewer    | Reached XP level 8. HP: 36/36 MP: 10/13
  9798 | Sewer    | Slain by Grinder

Vault maps used:
D:1:      dpeg_chamrin_arrival_tetris
D:2:      nicolae_overflow_crystal_walls, first_bread, kennysheep_crisscross,
          minmay_tree_intersection
D:3:      lemuel_blue_sif_altar, serial_forest, infiniplex_forest_clump_long,
          infiniplex_forest_lined_room_, infiniplex_forest_end_3,
          infiniplex_forest_pool, infiniplex_forest_clump_medium,
          infiniplex_forest_end_2
D:4:      nicolae_tso_swordbearing_angel, nicolae_overflow_hidden_temple,
          minmay_temple_entry_purple_smoke
D:5:      kennysheep_mini_moat, portal_sewer_entry_f
Sewer:    kennysheep_sewer_church

Action                   |  1- 3 |  4- 6 |  7- 9 || total
-------------------------+-------+-------+-------++-------
Melee: Dagger            |   209 |  1015 |   157 ||  1381
 Fire: Blowgun           |       |       |    45 ||    45
 Cast: Corona            |    13 |       |       ||    13
       Ensorcelled Hiber |     1 |    34 |    26 ||    61
       Animate Skeleton  |       |     1 |       ||     1
       Confuse           |       |       |    10 ||    10
  Use: Potion            |       |     1 |       ||     1
 Stab: Sleeping          |    22 |    21 |    20 ||    63
       Distracted        |       |       |     3 ||     3
       Confused          |       |       |     2 ||     2
  Eat: Bread ration      |       |     2 |       ||     2
       Pizza             |       |       |     1 ||     1
